Unix NetHack Version 5.0.0-0 post-release - last build May 31 2026 23:59:36 (970b52f25bf058293b47ddfd14a1e40e571c508c,branch:main).

Game began 2026-06-06 18:17:40, ended 2026-06-06 18:28:35.

IanCurtis, chaotic male elven Wizard

                                                          B...
                                                           .B..
                                                           ...-
                                                           .@--
                                                           G.--
                                                           -i.-
                                                           |...
                                                           |)..
                                                           -...

IanCurtis the Conjurer    St:11 Dx:12 Co:16 In:20 Wi:9 Ch:9  Chaotic
Dlvl:6  $:40 HP:0(23) Pw:3(35) AC:9  Xp:4 T:1870 

Latest messages:
 You are hit by the 2nd crossbow bolt.
 The crossbow bolt hits another object.
 From the impact, the other object falls.
 In what direction? y
 The spell hits the gnome!
 You kill the gnome!
 You hear some noises in the distance.
 You see here a gnome corpse.
 There is a staircase down here.
 You see here a crossbow bolt.
 You descend the stairs.
 There is a staircase up to level 5 here.
 You see here a crossbow bolt.
 The kitten misses the gnome.
 In what direction? j
 The spell hits the gnome!
 You kill the gnome!
 Your kitten eats a gnome corpse.
 The gnome wields a crossbow!
 In what direction? k
 The spell hits the gnome!
 You kill the gnome!
 You hear something shatter!
 The spell hits the gnome!
 You kill the gnome!
 The gnome shoots 2 crossbow bolts!
 You are hit by the 1st crossbow bolt.
 You are hit by the 2nd crossbow bolt!
 A bat suddenly appears!
 A bat suddenly appears!
 In what direction? k
 The spell misses the gnome.
 You see here a gnome corpse.
 In what direction? u
 The spell hits the gnome lord!
 In what direction? u
 The spell hits the gnome lord!
 You kill the gnome lord!
 The bat bites!
 The bat bites!
 You miss the bat.
 The bat bites!
 The gnome lord wields a thonged club!
 The gnome lord secures the tether on the thonged club.
 The bat bites!
 The bat bites!
 The gnome lord swings his thonged club.
 The gnome lord hits!
 You die...
 Do you want your possessions identified? [ynq] (y) q

Inventory:
 Coins    ('$')
  $ - 40 gold pieces
 Weapons  (')')
  E - 4 +0 daggers
  a - a blessed +1 quarterstaff (weapon in hands)
 Armor    ('[')
  B - an uncursed +0 helm of brilliance (being worn)
  b - an uncursed burnt +0 cloak of magic resistance (being worn)
 Comestibles  ('%')
  F - an uncursed food ration
  D - 2 uncursed lembas wafers
 Scrolls  ('?')
  j - an uncursed scroll of blank paper
  x - an uncursed scroll of confuse monster
  J - an uncursed scroll of food detection
  i - 2 uncursed scrolls of identify
  k - an uncursed scroll of remove curse
  s - an uncursed scroll of stinking cloud
 Spellbooks  ('+')
  r - an uncursed spellbook of blank paper
  C - an uncursed spellbook of chain lightning
  l - a blessed spellbook of force bolt
  m - an uncursed spellbook of light
  H - an uncursed spellbook of light
 Potions  ('!')
  t - a blessed potion of extra healing
  A - an uncursed potion of extra healing
  f - 2 uncursed potions of invisibility
  h - an uncursed potion of see invisible
  z - an uncursed potion of speed
  g - an uncursed potion of water
 Rings    ('=')
  U - an uncursed +1 ring of adornment
  S - an uncursed ring of aggravate monster
  L - an uncursed ring of free action
  O - an uncursed ring of polymorph control
  Q - a blessed +2 ring of protection
  e - an uncursed ring of shock resistance
  R - an uncursed ring of shock resistance
 Wands    ('/')
  c - a wand of secret door detection (0:14)
 Tools    ('(')
  o - an uncursed wooden flute
  n - a magic marker (0:21)
  d - a +0 pick-axe
 Gems/Stones  ('*')
  M - an uncursed worthless piece of red glass

IanCurtis the Wizard's attributes:

Background:
 You were a Conjurer, a level 4 male elven Wizard.
 You were chaotic, nominally on a mission for Anhur
 who was opposed by Ptah (lawful) and Thoth (neutral).
 You were right-handed.
 You were in the Gnomish Mines, on level 6.
 You entered the dungeon 1870 turns ago.
 You had 134 experience points, 26 more were needed to attain level 5.

Basics:
 You had 0 out of 23 hit points.
 You had 3 out of 35 energy points (spell power).
 Your armor class was 9.
 Your wallet contained 40 zorkmids.
 Autopickup was off.

Final Characteristics:
 Your strength was 11 (limit:18).
 Your dexterity was 12 (limit:18).
 Your constitution was 16 (limit:16).
 Your intelligence was 20 (limit:20).
 Your wisdom was 9 (limit:20).
 Your charisma was 9 (limit:18).

Final Status:
 You weren't hungry.
 You were unencumbered.
 You were wielding a quarterstaff.
 You had basic skill with quarterstaff.

Final Attributes:
 You were devoutly aligned.
 You were magic-protected.
 You were sleep resistant.
 You had infravision.
 You were warded.
 You are dead.

Miscellaneous:
 You encountered 1 bones level.
 Total elapsed playing time was 10 minutes and 54 seconds.

Major events:
 Turn
    1: IanCurtis the chaotic male elven Wizard entered the dungeon
 1066: entered the Gnomish Mines
 1078: attained the rank of Conjurer (level 3)
 1870: killed by a gnome lord

Spells:
 Name                 Level Category     Fail Retention
 force bolt             1   attack         0%  91%-100%
 light                  1   divination     0%  76%-100%
 detect monsters        1   divination     0%  76%-100%
 chain lightning        2   attack         0%  91%-100%

Skills:
 Fighting Skills
   bare handed combat [Unskilled]
   riding             [Unskilled]
 Weapon Skills
   dagger             [Unskilled]
   knife              [Unskilled]
   axe                [Unskilled]
   short sword        [Unskilled]
   club               [Unskilled]
   mace               [Unskilled]
   quarterstaff       [Basic]
   polearms           [Unskilled]
   spear              [Unskilled]
   trident            [Unskilled]
   sling              [Unskilled]
   dart               [Unskilled]
   shuriken           [Unskilled]
 Spellcasting Skills
   attack spells      [Basic]
   healing spells     [Unskilled]
   divination spells  [Unskilled]
   enchantment spells [Basic]
   clerical spells    [Unskilled]
   escape spells      [Unskilled]
   matter spells      [Unskilled]

Voluntary challenges:
 Character rerolling was not enabled.
 You were an atheist.
 You never genocided any monsters.
 You never polymorphed an object.
 You never changed form.
 You used no wishes.
Achievements:
 You entered a shop.
 You entered the Gnomish Mines.
 You attained the rank of Conjurer.

 The Dungeons of Doom: levels 1 to 5
    Level 1:
       A fountain.
    Level 2:
       A fountain.
    Level 3:
       A weapon shop, a fountain.
    Level 4:
       A ring shop, many fountains.
       Stairs down to The Gnomish Mines.
    Level 5:
       Final resting place for
          Lanfaedhe-Kni-Hum-Fem-Law, killed by a bolt of fire zapped by herself.
 The Gnomish Mines: levels 5 to 6
    Level 5:
    Level 6: <- You were here.
       Final resting place for
          you, killed by a gnome lord.


Vanquished creatures:
  a gnome leader
  a dwarf
 an orc zombie
 an acid blob
  a brown mold
  8 gnomes
  6 jackals
  2 kobolds
  2 goblins
  4 sewer rats
  3 grid bugs
  2 lichens
  a newt
33 creatures vanquished.

No species were genocided or became extinct.

Game over:
                       ----------
                      /          \
                     /    REST    \
                    /      IN      \
                   /     PEACE      \
                  /                  \
                  |    IanCurtis     |
                  |      40 Au       |
                  |   killed by a    |
                  |    gnome lord    |
                  |                  |
                  |                  |
                  |       2026       |
                 *|     *  *  *      | *
        _________)/\\_//(\/(/\)/\//\/|_)_______

Goodbye IanCurtis the Wizard...

You died in The Gnomish Mines on dungeon level 6 with 822 points,
and 40 pieces of gold, after 1870 moves.
You were level 4 with a maximum of 23 hit points when you died.

